 Dungeon Crawl Stone Soup version 0.28.0 (webtiles) character file.

Game seed: 14901556569231531880

490 enile the Skirmisher (level 7, -1/54 HPs)
             Began as a Djinni Fire Elementalist on Feb 16, 2022.
             Was a Believer of Qazlal.
             Slain by a wraith (14 damage)
             ... on level 5 of the Dungeon.
             The game lasted 00:05:03 (5720 turns).

enile the Skirmisher (Djinni Fire Elementalist)     Turns: 5720, Time: 00:05:03

Health: -1/54      AC:  2    Str:  7    XL:     7   Next: 37%
Gold:   140        EV: 12    Int: 18    God:    Qazlal [**....] SH:  3 Dex: 14

rFire   + + .      SeeInvis .   (no weapon)
rCold   x . .      Faith    .   (no shield)
rNeg    . . .      Spirit   .   a - +0 robe
rPois   ∞          Reflect  .   (no helmet)
rElec   .          Harm     .   (no cloak)
rCorr   .          Rampage  .   (no gloves)
Will    .....                   (boots unavailable)
Stlth   +.........              (no amulet)
HPRegen 0.18/turn               (no ring)
MPRegen 0.00/turn               (no ring)

@: about to teleport, flying, slowed, very slow
A: sickness immunity, fire resistance 2, cold vulnerability 1, float, innate
caster, HP casting, extra vitality 1
a: Renounce Religion, Upheaval


You were on level 5 of the Dungeon.
You worshipped Qazlal.
Qazlal was pleased with you.
You visited 1 branch of the dungeon, and saw 5 of its levels.

You collected 184 gold pieces.
You spent 44 gold pieces at shops.

Inventory:

Missiles
 i - 5 poisoned darts
Armour
 a - a +0 robe (worn)
Jewellery
 p - a ring of wizardry
Wands
 j - a wand of charming (8)
Scrolls
 c - 2 scrolls of teleportation
 d - a scroll of magic mapping
 e - 2 scrolls of immolation
 h - 2 scrolls of identify
 k - 2 scrolls of vulnerability {unknown}
 n - a scroll of torment {unknown}
 q - a scroll of fear {unknown}
Potions
 b - a potion of mutation {unknown}
 f - a potion of magic {unknown}
 g - a potion of heal wounds {unknown}
 l - a potion of degeneration {unknown}
 m - a potion of brilliance {unknown}
 o - a potion of might {unknown}
 r - a potion of curing


   Skills:
 - Level 5.0 Fighting
 + Level 2.8 Dodging
 - Level 1.5 Stealth
 - Level 3.0 Spellcasting
 - Level 4.0 Invocations


You couldn't memorise any spells.
You knew the following spells:

 Your Spells              Type           Power      Damage    Failure   Level
a - Foxfire               Conj/Fire      52%        2x1d6     4%          1
b - Scorch                Fire           26%        2d6       7%          2
c - Conjure Flame         Conj/Fire      13%        6-21      14%         3
d - Inner Flame           Hex/Fire       13%        N/A       14%         3
e - Flame Wave            Conj/Fire      13%        2d6       43%         4
f - Summon Small Mammal   Summ           52%        N/A       4%          1
g - Passwall              Tmut/Erth      10%        N/A       7%          2
h - Teleport Other        Tloc           13%        N/A       14%         3
Your spell library was empty.

Dungeon Overview and Level Annotations

Branches:
Dungeon (5/15)             Temple (0/1) D:4

Altars:
Ashenzari
Dithmenos
Qazlal

Shops:
D:1 [   D:3 ?

Annotations:
D:3 1 runed translucent door, Acetwo5's ghost, amateur MiFi


Innate Abilities, Weirdness & Mutations

You are immune to sickness and miasma.
You are immune to poison.
Your flesh is very heat resistant. (rF++)
You are vulnerable to cold. (rC-)
You float through the air rather than walking.
You learn spells naturally, not from books.
Your magical power is your life essence.
You have superior vitality. (+4 MHP)


Message History

Your bat is no longer moving slowly.
Your bat closely misses the wraith.
Your bat closely misses the wraith.
The wraith hits your bat.
Your bat dies!
Your bat's corpse disappears in a puff of smoke!
Casting: Foxfire (safe; 4% risk of failure)
Confirm with . or Enter, or press ? or * to list all spells.
You can't see any susceptible monsters within range! (Use Z to cast anyway.)
Found a stone staircase leading down.
The foxfire hits the wraith.
The wraith is heavily damaged.
The foxfire hits the wraith but does no damage.
The wraith is heavily damaged.
Casting: Foxfire (safe; 4% risk of failure)
Confirm with . or Enter, or press ? or * to list all spells.
You can't see any susceptible monsters within range! (Use Z to cast anyway.)
Casting: Foxfire (safe; 4% risk of failure)
Confirm with . or Enter, or press ? or * to list all spells.
You conjure some foxfire!
The foxfire hits the wraith but does no damage.
The wraith is heavily damaged.
The foxfire hits the wraith but does no damage.
The wraith is heavily damaged.
Casting: Foxfire (safe; 4% risk of failure)
Confirm with . or Enter, or press ? or * to list all spells.
Flames lash the wraith but do no damage.
The wraith hits you!
Casting: Scorch (safe; 7% risk of failure)
Confirm with . or Enter, or press ? or * to list all spells.
Flames lash the wraith but do no damage.
The wraith hits you. The wraith closely misses you.
You hit the wraith but do no damage.
The wraith is heavily damaged.
The wraith hits you!
* * * LOW HITPOINT WARNING * * *
The wraith drains your vigour!
You feel yourself slow down.
As you read the scroll of teleportation, it crumbles to dust.
You feel strangely unstable. The wraith hits you but does no damage.
The wraith hits you!
You die...

#.b...##..###
##.#####.##
#....###.#
#.....##.#
##.......##
##.......## #
#....##..#.#
##.####W○..#
#.# #@☼.##
... #....#
.##. ......#
## #
.....##.#
#...... ##
#.....>#
#......#
.....#..


You could see a wraith.

Vanquished Creatures
  An ice beast (D:5)
  A water moccasin skeleton (D:4)
  A bullfrog zombie (D:4)
  2 orc priests (D:4)
  A centaur skeleton (D:4)
  2 bullfrog skeletons
  Ijyb (D:2)
  A killer bee zombie (D:5)
  A gnoll (D:4)
  5 adders
  An ufetubus (D:4)
  2 dart slugs
  4 orcs
  5 bats
  5 endoplasms
  2 giant cockroaches
  4 goblins
  7 hobgoblins
  7 jackals
  3 quokkas
  7 ball pythons
  2 frilled lizards (D:2)
  3 kobolds
  2 rats (D:2)
  4 foxfires
74 creatures vanquished.

Vanquished Creatures (collateral kills)
  7 foxfires (D:1)
7 creatures vanquished.

Vanquished Creatures (others)
  270 foxfires
  A plant (D:1)
  2 withered plants (D:3)
273 creatures vanquished.

Grand Total: 354 creatures vanquished

Notes
Turn   | Place    | Note
-------+----------+-------------------------------------------
     0 | D:1      | enile the Djinni Fire Elementalist began the quest for the
                  | Orb.
     0 | D:1      | Reached XP level 1. HP: 15/15 MP: 0/0
   402 | D:1      | Found Tatavedgh's Antique Armour Boutique.
   553 | D:1      | Reached skill level 1 in Fighting
   757 | D:1      | Found a faded altar of an unknown god.
   813 | D:1      | Reached XP level 2. HP: 8/22 MP: 0/0
  1262 | D:1      | Prayed at the altar of an unknown god.
  1262 | D:1      | Became a worshipper of Qazlal Stormbringer
  1262 | D:1      | Reached * piety under Qazlal
  1303 | D:2      | Reached skill level 2 in Fighting
  1502 | D:2      | Reached XP level 3. HP: 27/29 MP: 0/0
  1502 | D:2      | Learned a level 1 spell: Summon Small Mammal
  1696 | D:2      | Reached skill level 3 in Fighting
  2119 | D:2      | Found a shadowy altar of Dithmenos.
  2319 | D:2      | Reached XP level 4. HP: 32/35 MP: 0/0
  2431 | D:3      | Noticed Ijyb
  2516 | D:2      | Killed Ijyb
  2707 | D:3      | Found Hefoliq's Magic Scroll Boutique.
  2737 | D:3      | Bought a scroll of identify for 22 gold pieces
  2737 | D:3      | Bought a scroll of identify for 22 gold pieces
  2741 | D:3      | Reached XP level 5. HP: 38/40 MP: 0/0
  2741 | D:3      | Learned a level 2 spell: Passwall
  2757 | D:3      | Reached ** piety under Qazlal
  2990 | D:3      | Found a broken altar of Ashenzari.
  3060 | D:3      | Found a runed translucent door.
  3063 | D:3      | Noticed Acetwo5's ghost (amateur MiFi)
  3615 | D:4      | Reached skill level 4 in Fighting
  3619 | D:4      | Reached skill level 1 in Invocations
  3865 | D:4      | Reached XP level 6. HP: 25/47 MP: 0/0
  4043 | D:4      | Found a staircase to the Ecumenical Temple.
  5027 | D:5      | Entered Level 5 of the Dungeon
  5090 | D:5      | Reached XP level 7. HP: 44/53 MP: 0/0
  5090 | D:5      | Learned a level 3 spell: Teleport Other
  5344 | D:5      | Reached skill level 5 in Fighting
  5674 | D:5      | Noticed a wraith
  5720 | D:5      | Slain by a wraith

Illustrated notes

Levels and vault maps discovered:
D:1:      roderic_crossed_star, layout_basic, serial_shops, shop,
          shapermc_ecumenical_altar_gd
D:2:      layout_loops_ring, basic_altar
D:3:      layout_basic, nicolae_ashenzari_skybound, gammafunk_ghost_grave,
          serial_shops, shop, uniq_ijyb
D:4:      minmay_wonky_spiral, layout_cave_pools, temple_statues
D:5:      layout_layer_cave, mainiacjoe_overflow_alcove_4,
          minmay_fire_ice_demons

Skill      XL: |  1  2  3  4  5  6  7 |
---------------+----------------------+-----
Fighting       | 1 2 3 4 5 |  5.0
Spellcasting   | 3 |  3.0
Invocations    | 2 4 |  4.0
Dodging        | |  2.8
Stealth        | |  1.5

Action                   |  1- 3 |  4- 6 |  7- 9 || total
-------------------------+-------+-------+-------++-------
Melee: Unarmed           |     2 |     5 |     1 ||     8
 Cast: Foxfire           |    79 |    81 |    10 ||   170
       Scorch            |     5 |    23 |    11 ||    39
       Inner Flame       |       |     1 |       ||     1
       Flame Wave        |       |     2 |       ||     2
       Summon Small Mamm |       |       |     1 ||     1
  Use: Scroll            |       |     3 |     1 ||     4
       Potion            |       |     1 |       ||     1
Armor: Robe              |     6 |    12 |     2 ||    20
Dodge: Dodged            |    13 |    39 |     5 ||    57
Block: Other             |       |     5 |     2 ||     7
